AoeStats
← ibreks

Arena

509009381Analyzed
3v3 RM · 9d ago on Sep 25, 2026· 51m 32s· 6 players
Game mode
Random Map
Map size
Normal (6 player)
Population
200
Speed
Normal
Resources
Standard
Victory
Conquest
Starting age
Dark Age
Ending age
Imperial Age
RankedLock teamsTeams togetherTeam positionsShared explorationLock speedFull tech treeHidden civsTurbo modeCheats
Victory
Defeat
🇹🇼 Mongols · Taiwan
728
+19
🇺🇸 Italians · United States
702
+20
🇧🇷 Franks · Brazil
669
+21
🇺🇸 Teutons · United States
876
-69
🇺🇸 Varangians · United States
748
-18
🇺🇸 Danes · United States
730
-18
xDELTAx Rico
3:56 Loom
11:38 Feudal Age
12:57 Wheelbarrow
12:10 Double-Bit Axe
21:17 Castle Age
19:56 Gold Mining
19:59 Stone Mining
22:49 Bow Saw
27:07 Hand Cart
27:59 Scale Barding Armor
29:00 Forging
30:08 Pikeman
31:52 Scale Mail Armor
33:11 Fletching
33:53 Bodkin Arrow
34:42 Padded Archer Armor
37:40 Leather Archer Armor
37:56 Thumb Ring
38:28 Bloodlines
40:54 Man-at-Arms
47:16 Imperial Age
49:43 Chemistry
48:55 Bracer
50:49 Two-Man Saw
billzz0982
9:29 Feudal Age
14:35 Castle Age
15:27 Double-Bit Axe
15:31 Horse Collar
23:46 Wheelbarrow
24:38 Heavy Plow
24:51 Bow Saw
25:26 Town Watch
27:11 Hand Cart
26:47 Gold Mining
27:02 Padded Archer Armor
26:53 Fletching
29:32 Ballistics
30:34 Thumb Ring
31:22 Leather Archer Armor
31:03 Bodkin Arrow
39:05 Imperial Age
38:21 Scale Barding Armor
38:26 Forging
40:39 Parthian Tactics
40:17 Bracer
41:19 Chemistry
40:22 Husbandry
40:33 Bloodlines
42:12 Light Cavalry
43:14 Chain Barding Armor
43:30 Iron Casting
43:01 Town Patrol
42:46 Elite Mangudai
43:01 Hussar
47:48 Blast Furnace
[MCC] Bacteria-Am
0:41 Loom
13:53 Feudal Age
15:09 Double-Bit Axe
19:37 Castle Age
19:06 Stone Mining
19:09 Gold Mining
24:30 Wheelbarrow
26:46 Scale Barding Armor
26:53 Forging
27:58 Hand Cart
28:08 Chain Barding Armor
28:06 Town Watch
30:52 Gold Shaft Mining
30:47 Bow Saw
34:40 Imperial Age
33:45 Iron Casting
33:35 Husbandry
34:02 Town Patrol
35:50 Murder Holes
37:28 Fortified Wall
38:11 Plate Barding Armor
38:38 Blast Furnace
37:11 Cavalier
38:11 Chivalry
37:34 Ordonnance Companies
39:03 Paladin
40:54 Chemistry
41:11 Elite Throwing Axeman
ibreks
10:20 Feudal Age
9:07 Loom
12:25 Double-Bit Axe
12:22 Horse Collar
19:26 Castle Age
19:06 Bloodlines
19:08 Forging
19:03 Scale Barding Armor
19:57 Scale Barding Armor
20:36 Bow Saw
22:25 Heavy Plow
24:35 Wheelbarrow
25:30 Iron Casting
27:50 Town Watch
28:22 Hand Cart
29:35 Chain Barding Armor
39:05 Imperial Age
39:09 Cavalier
40:30 Plate Barding Armor
40:54 Crop Rotation
40:23 Capped Ram
44:12 Two-Man Saw
44:19 Blast Furnace
43:19 Vendel Legacy
Ramranchcrack
12:48 Feudal Age
13:14 Double-Bit Axe
14:13 Wheelbarrow
21:06 Castle Age
24:11 Hand Cart
33:43 Imperial Age
31:59 Arson
31:42 Pikeman
34:30 Forging
36:44 Elite Teutonic Knight
40:21 Elite Skirmisher
50:30 Ironclad
StrawbrryShakes
6:57 Loom
12:08 Feudal Age
13:33 Wheelbarrow
12:47 Town Watch
14:22 Double-Bit Axe
21:54 Castle Age
24:17 Hand Cart
24:18 Gold Mining
24:40 Stone Mining
24:37 Horse Collar
25:25 Heavy Plow
26:39 Squires
26:24 Gambesons
26:27 Arson
27:11 Stone Mining
30:02 Forging
29:56 Scale Mail Armor
30:29 Hamask
32:28 Town Patrol
33:23 Iron Casting
33:04 Chain Mail Armor
33:03 Man-at-Arms
44:30 Bow Saw
47:13 Gold Shaft Mining
Connection lost

Rejoining the realm…

Still unreachable

The connection could not be restored.

Session expired

The server has moved on; the page needs a fresh start.